 Dungeon Crawl Stone Soup version 0.13-a0-3104-gb5885e9 (webtiles) character file.

208 Malachi the Vexing (level 4, -1/30 HPs)
             Began as a Demonspawn Enchanter on Sept 19, 2013.
             Slain by an adder (2 damage)
             ... on Level 3 of the Dungeon.
             The game lasted 00:05:12 (2713 turns).

Malachi the Vexing (Demonspawn Enchanter)           Turns: 2713, Time: 00:05:13

HP  -1/30        AC  4     Str  9      XL: 4   Next: 81%
MP   7/7         EV 15     Int 17      God:
Gold 84          SH  0     Dex 13      Spells:  1 memorised,  4 levels left

Res.Fire  : . . .   See Invis. : .   q - +2,+1 orc dagger (venom)
Res.Cold  : . . .   Warding    : .   b - +1 robe
Life Prot.: . . .   Conserve   : .   (no shield)
Res.Poison: .       Res.Corr.  : .   (no helmet)
Res.Elec. : .       Clarity    : .   (no cloak)
Sust.Abil.: . .     Spirit.Shd : .   (no gloves)
Res.Mut.  : .       Stasis     : .   h - +0 pair of boots
Res.Rott. : .       Flight     : .   (no amulet)
Saprovore : . . .                    (no ring)
                                     (no ring)

@: slightly resistant to hostile enchantments, fairly stealthy
A: powered by death 1, EV +2
a: no special abilities


You were on level 3 of the Dungeon.
You were not hungry.

You visited 1 branch of the dungeon, and saw 3 of its levels.

You collected 64 gold pieces.

Inventory:

Hand weapons
 a - a +1,+1 dagger {=f}
 q - a +2,+1 orcish dagger of venom (weapon)
Missiles
 d - 12 darts (quivered)
 o - 7 poisoned needles
Armour
 b - a +1 robe (worn)
 h - a +0 pair of boots (worn)
Comestibles
 f - 3 bread rations
 k - a meat ration
 p - a pear
 t - an apple
Scrolls
 e - a scroll of amnesia {unknown}
 g - a scroll of fog {unknown}
 i - 2 scrolls of remove curse {unknown}
 j - a scroll of noise {unknown}
 l - a scroll of curse armour {unknown}
 m - a scroll of enchant armour {unknown}
 n - a scroll of fear {unknown}
 r - a scroll of identify {unknown}
 s - a scroll of enchant weapon I {unknown}
 v - 2 scrolls of teleportation {unknown}
 w - a scroll of enchant weapon II {unknown}
Potions
 u - a potion of speed {unknown}
 x - a potion of might {unknown}
Books
 c - a book of Maledictions

   Spells                             Type                      Level
   *Corona                            Hexes                        1
   Sure Blade                         Hexes/Charms                 2
   Ensorcelled Hibernation            Hexes/Ice                    2
   Confuse                            Hexes                        3
   Enslavement                        Hexes                        4
   Invisibility                       Hexes                        6


   Skills:
 + Level 1.6 Short Blades
 + Level 0.8 Throwing
 + Level 3.2 Dodging
 + Level 2.4 Stealth
 + Level 1.2 Spellcasting
 + Level 3.8 Hexes


You had 4 spell levels left.
You knew the following spells:

 Your Spells              Type           Power        Failure   Level  Hunger
a - Corona                Hex            ##.....      4%          1    ##.....


Dungeon Overview and Level Annotations

Branches:
Dungeon (3/27)

Altars:


Innate Abilities, Weirdness & Mutations

You are surrounded by a mild repulsion field (EV +2).
You can steal the life force of nearby defeated enemies.


Message History

The orc priest misses you. The adder closely misses you. The orc misses you.
The orc priest calls down the wrath of Beogh upon you.
Something smites you!
* * * LOW HITPOINT WARNING * * *
The orc closely misses you. The orc hits you but does no damage.
You feel less regenerative. The orc priest misses you.
The orc priest utters an invocation to Beogh.
You feel troubled. The adder bites you.
* * * LOW HITPOINT WARNING * * *
The orc priest mumbles some strange prayers to Beogh against you.
Pain shoots through your body!
* * * LOW HITPOINT WARNING * * *
Found a bread ration.
The orc throws an orcish hand axe.
The orcish hand axe misses you.
There is an escape hatch in the ceiling here.
The adder bites you.
* * * LOW HITPOINT WARNING * * *
The adder bites you.
You die...

>..................+
.#######+####......# .#
#............### .#
#................ .#
#......#........%# .#
#......#.........# .#
#......#......)..#
.######......#.........#
............g..S@...#
..............oo....#
######..)....o.....# .#
#....####.......#
......#.....[.......#
......#.####..........
....# #. #.......... .##
#. #......... . #.
.......


You could see an orc priest, an adder, 2 orcs and a hobgoblin.

Vanquished Creatures
  An orc priest (D:3)
  5 adders
  2 worms (D:3)
  2 giant geckos
  An orc (D:3)
  A ball python (D:1)
  4 bats
  9 hobgoblins
  5 giant cockroaches
  2 giant newts
  3 goblins (D:1)
  4 kobolds
  A quokka (D:2)
  9 rats
49 creatures vanquished.

Notes
Turn   | Place    | Note
--------------------------------------------------------------
     0 | D:1      | Malachi, the Demonspawn Enchanter, began the quest for the Orb.
     0 | D:1      | Reached XP level 1. HP: 13/13 MP: 3/3
   481 | D:1      | Gained mutation: You are surrounded by a mild repulsion field (EV +2). [demonic ancestry]
   481 | D:1      | Reached XP level 2. HP: 10/19 MP: 4/4
  1473 | D:2      | Reached skill level 1 in Short Blades
  1473 | D:2      | Gained mutation: You can steal the life force of nearby defeated enemies. [demonic ancestry]
  1473 | D:2      | Reached XP level 3. HP: 20/24 MP: 5/5
  2253 | D:3      | Reached XP level 4. HP: 6/30 MP: 7/7
  2713 | D:3      | HP: 1/30 [adder (1)]
  2713 | D:3      | Slain by an adder

Action                   |  1- 3 |  4- 6 || total
-------------------------+-------+-------++-------
Melee: Dagger            |   186 |    53 ||   239
 Cast: Corona            |     5 |       ||     5
  Use: Potion            |       |     2 ||     2
 Stab: Sleeping          |     3 |       ||     3
